[Event "*** Titled Tuesday Blitz"]
[Site "Chess.com"]
[Date "2020.05.12"]
[Round "9"]
[White "Luibov_AN"]
[Black "vladimir_petrov"]
[Result "0-1"]
[WhiteElo "2126"]
[BlackElo "2319"]
[TimeControl "180+1"]
[EndTime "11:41:57 PDT"]
[Termination "vladimir_petrov won by resignation"]

1. d4 Nf6 2. Nf3 e6 3. c4 b6 4. Nc3 Bb4 5. Qc2 Bb7 6. Bd2 O-O 7. g3 Nc6 8. Bg2 Nxd4 9. Qa4 Nxf3+ 10. exf3 a5 11. O-O d5 12. a3 Bc5 13. cxd5 Nxd5 14. Ne4 Bd6 15. Qc2 Qe7 16. Rfe1 Nf6 17. Bg5 Bxe4 18.
fxe4 Be5 19. Be3 Ng4 20. Bc1 Bd4 21. Re2 e5 22. h3 Nf6 23. Bg5 c5 24. Kh2 Ng4+ 25.
hxg4 Qxg5 26. Bh3 Rad8 27. Rf1 Rd6 28. f4 exf4 29. gxf4 Qh4 30. g5 h6 31. Rg2 hxg5 32.
fxg5 Be5+ 33. Kg1 Qxh3 0-1

[Event "*** Titled Tuesday Blitz"]
[Site "Chess.com"]
[Date "2020.05.12"]
[Round "9"]
[White "Kavyev_Ruslan"]
[Black "ChessBitl"]
[Result "1-0"]
[WhiteElo "2467"]
[BlackElo "2314"]
[TimeControl "180+1"]
[EndTime "11:41:59 PDT"]
[Termination "Kavyev_Ruslan won on time"]

1. d4 Nf6 2. c4 g6 3. Nc3 Bg7 4. e4 d6 5. Be2 O-O 6. Be3 e5 7.
d5 a5 8. g4 Na6 9. h4 Nc5 10. f3 h5 11. g5 Ne8 12. Qd2 a4 13.
Nh3 Bd7 14. Nf2 c6 15. dxc6 bxc6 16. Bxc5 dxc5 17. O-O-O Ra7 18. Nd3 Qe7 19. Qe3 Ra5 20. Kb1 Nc7 21. Bf1 Rb8 22. Bh3 Bxh3 23. Rxh3 Ne6 24. Rh2 Nd4 25. Ka1 Ra7 26. a3 Nb3+ 27. Ka2 Bf8 28. Nc1 Nd4 29. Rhd2 Qc7 30. Nd3 Bd6 31.
Ne2 Rab7 32. f4 exf4 33. Nexf4 Qa5 34. e5 Be7 35. e6 Qb6 36. exf7+ Kh7 37. Qe4 Qb3+ 38.
Kb1 Nf5 39. Nxg6 Kxg6 40. Ne5+ Kg7 41. Qxf5 1-0

[Event "*** Titled Tuesday Blitz"]
[Site "Chess.com"]
[Date "2020.05.12"]
[Round "9"]
[White "KaterynaLagno"]
[Black "Jumbo"]
[Result "0-1"]
[WhiteElo "2691"]
[BlackElo "2836"]
[TimeControl "180+1"]
[EndTime "11:42:00 PDT"]
[Termination "Jumbo won by resignation"]

1. e4 e6 2. d4 d5 3. Nd2 c5 4.
exd5 Qxd5 5. Ngf3 cxd4 6. Bc4 Qd6 7. O-O Nc6 8. Nb3 Nf6 9. Nbxd4 Nxd4 10. Nxd4 a6 11. Re1 Qc7 12. Bf1 Bd6 13. Nf5 Bxh2+ 14. Kh1 O-O 15. Nxg7 Kxg7 16. Qd2 Ng8 17. Qg5+ Kh8 18.
g3 f6 19. Qh4 Bxg3 20. fxg3 b5 21. Be3 Bb7+ 22. Kg1 Rad8 23. Bd3 e5 24. Bf5 Rf7 25. Rad1 Rxd1 26. Rxd1 Qc6 27. Rd2 Qf3 28. Rf2 Qxe3 0-1

[Event "*** Titled Tuesday Blitz"]
[Site "Chess.com"]
[Date "2020.05.12"]
[Round "9"]
[White "JonahWillow"]
[Black "mjray79"]
[Result "1-0"]
[WhiteElo "2667"]
[BlackElo "2282"]
[TimeControl "180+1"]
[EndTime "11:42:00 PDT"]
[Termination "JonahWillow won by checkmate"]

1. e4 e5 2. Nf3 Nc6 3. Nc3 Nf6 4. Bb5 Bb4 5. O-O O-O 6. d3 d6 7. Bg5 Bxc3 8. bxc3 a6 9. Bc4 Be6 10. Bb3 a5 11.
Rb1 Rb8 12. Re1 b5 13. d4 h6 14. Bxf6 Qxf6 15. d5 a4 16. dxc6 axb3 17. axb3 Rb6 18.
Qd3 Rxc6 19. Ra1 Rb6 20. Ra7 c5 21. Rea1 c4 22. Qe3 Rc6 23. b4 d5 24. exd5 Bxd5 25. Nxe5 Re6 26. f4 Qf5 27. Qf2 Be4 28. g4 Qh7 29.
Re1 f5 30. Qd4 Bxc2 31. Qd7 Rfe8 32. Qxe6+ Rxe6 33. Ra8+ Re8 34. Rxe8# 1-0

[Event "*** Titled Tuesday Blitz"]
[Site "Chess.com"]
[Date "2020.05.12"]
[Round "9"]
[White "MoreChessJulia"]
[Black "lamomiablanca"]
[Result "1-0"]
[WhiteElo "1812"]
[BlackElo "2157"]
[TimeControl "180+1"]
[EndTime "11:42:00 PDT"]
[Termination "MoreChessJulia won on time"]

1. d4 d6 2. c4 e5 3. e3 Nd7 4. Nc3 Ngf6 5. Bd3 g6 6. h3 Bg7 7. g4 O-O 8. Qf3 exd4 9. exd4 Re8+ 10. Nge2 c6 11. Bf4 Nb6 12. O-O-O Be6 13. b3 a5 14. a4 Nc8 15. d5 cxd5 16. cxd5 Bd7 17. Nb5 Ra6 18. Kb1 Nxd5 19. Qxd5 Bc6 20. Qc4 Bxh1 21.
Rxh1 Qf6 22. Nbd4 Rxe2 23. Qxc8+ Bf8 24. Bh6 Rb2+ 25. Ka1 Qe7 26. Bxf8 1-0

[Event "*** Titled Tuesday Blitz"]
[Site "Chess.com"]
[Date "2020.05.12"]
[Round "9"]
[White "grunbergmihai"]
[Black "venus02"]
[Result "1-0"]
[WhiteElo "2404"]
[BlackElo "2282"]
[TimeControl "180+1"]
[EndTime "11:42:05 PDT"]
[Termination "grunbergmihai won by resignation"]

1. Nf3 Nf6 2. c4 e6 3. g3 d5 4. Bg2 Be7 5. O-O O-O 6. d4 dxc4 7. Qc2 a6 8. a4 Bd7 9. Qxc4 Bc6 10. Nc3 Nbd7 11. Ne5 Bxg2 12. Kxg2 c6 13. f4 Rc8 14. e4 c5 15. d5 Nb6 16. Qb3 c4 17. Qd1 exd5 18. a5 Nbd7 19. Nxd7 Qxd7 20. e5 d4 21. exf6 Bxf6 22. Ne4 Be7 23. Qf3 f5 24. Nf2 Bb4 25. Rd1 d3 26. Bd2 Bxd2 27. Rxd2 Rc5 28. b3 Qd4 29. Rad1 Rxa5 30. bxc4 Qxc4 31. Nxd3 Ra3 32. Qxb7 Rd8 33. Ne5 Ra2 34. Rxa2 Qxa2+ 35. Kh3 Rf8 36. Rd7 1-0

[Event "*** Titled Tuesday Blitz"]
[Site "Chess.com"]
[Date "2020.05.12"]
[Round "9"]
[White "lifeissofun"]
[Black "AlanZhang"]
[Result "1-0"]
[WhiteElo "2335"]
[BlackElo "2170"]
[TimeControl "180+1"]
[EndTime "11:42:06 PDT"]
[Termination "lifeissofun won by resignation"]

1. e4 e5 2. Nf3 Nc6 3. Bb5 a6 4. Ba4 Nf6 5. O-O Be7 6. Re1 b5 7. Bb3 d6 8. c3 O-O 9. d4 exd4 10. cxd4 Na5 11. Bc2 c5 12. h3 Nc6 13. Nc3 Bb7 14.
Bg5 h6 15. Bf4 Re8 16. a4 b4 17. Nd5 Nxd5 18. exd5 Nxd4 19. Nxd4 cxd4 20. Qd3 g6 21.
Qxd4 Kh7 22. Rad1 Qa5 23. Bd2 Bf8 24. Bxb4 Qc7 25. Bc3 Re5 26. Rxe5 dxe5 27. Qxe5 Qxe5 28. Bxe5 Rd8 29. d6 f6 30. Bg3 Kg7 31. Bb3 Bc6 32.
Rc1 Be8 33. Rc7+ Kh8 34. Ra7 Bxd6 35. Bxd6 Rxd6 36. Ra8 Rb6 37. Rxe8+ Kg7 38. Re3 1-0

[Event "*** Titled Tuesday Blitz"]
[Site "Chess.com"]
[Date "2020.05.12"]
[Round "9"]
[White "Michaelson_11"]
[Black "AniJak"]
[Result "0-1"]
[WhiteElo "2005"]
[BlackElo "2208"]
[TimeControl "180+1"]
[EndTime "11:42:06 PDT"]
[Termination "AniJak won by resignation"]

1. e4 c6 2. d4 d5 3. Nc3 dxe4 4. Nxe4 Nf6 5. Nxf6+ gxf6 6. Qd3 Nd7 7. Nf3 Nb6 8.
Bd2 Be6 9. b3 Bd5 10. c4 Bxf3 11.
gxf3 e6 12. h4 Qd7 13. Bh3 O-O-O 14. Bc3 Be7 15. O-O-O Kb8 16. Kc2 Ka8 17. Rhe1 Qc7 18. Qe3 Rhg8 19. a4 Nc8 20. Rg1 f5 21. Qe5 Qxe5 22.
dxe5 Bxh4 23. Rxd8 Rxd8 24. Rg7 Bxf2 25. Rxf7 h5 26.
Rh7 h4 27. Rh6 Re8 28. Bd2 Bd4 29. Bf4 Ne7 30. Rxe6 Bc5 31. Bxf5 Rf8 32. Bg5 Nxf5 33. f4 Nd4+ 0-1

[Event "*** Titled Tuesday Blitz"]
[Site "Chess.com"]
[Date "2020.05.12"]
[Round "9"]
[White "AGW2016"]
[Black "ChronicUnhappiness"]
[Result "1-0"]
[WhiteElo "2162"]
[BlackElo "2311"]
[TimeControl "180+1"]
[EndTime "11:42:09 PDT"]
[Termination "AGW2016 won by resignation"]

1. e4 Nf6 2. e5 Nd5 3. d4 d6 4. Nf3 Bg4 5. Be2 e6 6. O-O a6 7. c4 Nb6 8. b3 Bxf3 9. Bxf3 dxe5 10. dxe5 Qxd1 11. Rxd1 c6 12. Be3 N6d7 13. Nc3 Nxe5 14.
Be2 Nbd7 15. f4 Ng6 16. Ne4 f5 17. Nd6+ Bxd6 18. Rxd6 O-O-O 19. Rad1 Rhe8 20. Bh5 e5 21. Bxg6 hxg6 22. Rxg6 exf4 23. Bxf4 Re4 24. g3 Ne5 25.
Rxd8+ Kxd8 26. Bxe5 Rxe5 27. Rxg7 b5 28. cxb5 axb5 29.
Kf2 b4 30. Rb7 Ra5 31. Rxb4 Rxa2+ 32. Kg1 Kd7 33. Rf4 Ke6 34. Rf2 Ra1+ 35. Kg2 Rb1 36. Rf3 c5 37. h4 Ke5 38. h5 Ra1 39. Kh3 Ra6 40. Kh4 Rb6 41. Kg5 Rf6 42. h6 Rf8 43. Kg6 Rg8+ 44. Kf7 1-0

[Event "*** Titled Tuesday Blitz"]
[Site "Chess.com"]
[Date "2020.05.12"]
[Round "9"]
[White "KingChess345"]
[Black "reniite"]
[Result "1-0"]
[WhiteElo "2218"]
[BlackElo "1939"]
[TimeControl "180+1"]
[EndTime "11:42:09 PDT"]
[Termination "KingChess345 won by resignation"]

1. d4 Nf6 2. Nf3 e6 3. g3 d5 4. Bg2 Be7 5. O-O c5 6. c4 cxd4 7. Qxd4 Nc6 8. Qd3 O-O 9. Nc3 Nb4 10. Qb1 dxc4 11. Ne5 Qc7 12. Bf4 Nbd5 13. Nxd5 Nxd5 14. Bxd5 exd5 15. Ng6 Bd6 16. Nxf8 Bxf4 17. Qxh7+ Kxf8 18. gxf4 Qxf4 19. Qh8+ Ke7 20. Qxg7 Bh3 21. Rfd1 Rd8 22.
Qg3 Qh6 23. Rd4 Rd6 24. Rh4 Qxh4 25. Qxh4+ 1-0

[Event "*** Titled Tuesday Blitz"]
[Site "Chess.com"]
[Date "2020.05.12"]
[Round "9"]
[White "Nara_Kh"]
[Black "NotFischer"]
[Result "1-0"]
[WhiteElo "2316"]
[BlackElo "2124"]
[TimeControl "180+1"]
[EndTime "11:42:11 PDT"]
[Termination "Nara_Kh won on time"]

1. e4 g6 2. d4 Bg7 3. Nc3 c6 4. Bc4 d6 5. Nf3 Nf6 6. a4 d5 7. Bd3 dxe4 8. Nxe4 O-O 9. h3 Nxe4 10. Bxe4 Nd7 11.
O-O Nf6 12. Bd3 Bf5 13. Bxf5 gxf5 14. Ne5 e6 15. c3 Ne4 16. Qb3 Qe7 17. Bf4 Qh4 18.
Nd3 Bf6 19. f3 Ng5 20. Qc2 Kh8 21. Kh2 Rg8 22. Qf2 Qh5 23. a5 Rg7 24. Rg1 Rag8 25. Ne5 Rg6 26. Nxg6+ Rxg6 27. Rae1 Rh6 28. Qg3 1-0

[Event "*** Titled Tuesday Blitz"]
[Site "Chess.com"]
[Date "2020.05.12"]
[Round "9"]
[White "Enriquack"]
[Black "harkerchess"]
[Result "1-0"]
[WhiteElo "2275"]
[BlackElo "2003"]
[TimeControl "180+1"]
[EndTime "11:42:11 PDT"]
[Termination "Enriquack won by checkmate"]

1. e4 e5 2. Nf3 Nc6 3. Bb5 a6 4. Ba4 Nf6 5. O-O b5 6. Bb3 Be7 7. d4 exd4 8. e5 Ng8 9. c3 d6 10. Bd5 Bb7 11. cxd4 Na5 12. Nc3 Bxd5 13. Nxd5 dxe5 14.
dxe5 Bc5 15. b4 c6 16. bxc5 Qxd5 17. Qe2 Ne7 18. Rd1 Qxc5 19. Be3 Qc4 20. Qd2 O-O 21. Qxa5 Nd5 22. Rac1 Qe4 23. Bc5 Rfc8 24. h3 Nf4 25.
Re1 Qg6 26. Nh4 Qg5 27. g3 Nxh3+ 28. Kh2 Nf4 29. Be3 Qg4 30. Bxf4 g5 31. Ng2 gxf4 32. Nxf4 Qf3 33. Qd2 Kh8 34. Qe3 Qg4 35. e6 f6 36.
e7 Rg8 37. Rxc6 Rae8 38. Rxf6 h5 39. Rh6+ Kg7 40. Nxh5+ Kf7 41. Rf6# 1-0

[Event "*** Titled Tuesday Blitz"]
[Site "Chess.com"]
[Date "2020.05.12"]
[Round "9"]
[White "Fandorine"]
[Black "SamuelGhimpu2003"]
[Result "0-1"]
[WhiteElo "2843"]
[BlackElo "2726"]
[TimeControl "180+1"]
[EndTime "11:42:13 PDT"]
[Termination "SamuelGhimpu2003 won by resignation"]

1. Nf3 Nf6 2. g3 g6 3. Bg2 Bg7 4. O-O O-O 5. b3 c5 6. Bb2 Nc6 7.
c4 e6 8. d4 cxd4 9. Nxd4 d5 10. cxd5 exd5 11. Nc3 Nxd4 12. Qxd4 Ne4 13. Qxg7+ Kxg7 14. Nxe4+ f6 15. Nc5 b6 16. Nd3 Bb7 17. Nf4 Qe7 18.
e3 Rac8 19. Rac1 Rxc1 20. Rxc1 Rc8 21. Rxc8 Bxc8 22. Nxd5 Qc5 23. h4 Qc2 24. Bxf6+ Kf7 25.
Bd4 Qb1+ 26. Kh2 Qxa2 27. e4 Qxb3 28. Nf6 h5 29. Nh7 a5 30. e5 a4 31. Nf6 Be6 32.
Ne4 a3 33. Nd6+ Ke7 34. Be3 a2 35. Bg5+ Kd7 36. Bb7 a1=Q 0-1

[Event "*** Titled Tuesday Blitz"]
[Site "Chess.com"]
[Date "2020.05.12"]
[Round "9"]
[White "Ceejay271"]
[Black "wild_cat99"]
[Result "0-1"]
[WhiteElo "2388"]
[BlackElo "2597"]
[TimeControl "180+1"]
[EndTime "11:42:14 PDT"]
[Termination "wild_cat99 won by resignation"]

1. d4 Nf6 2. c4 g6 3. Nc3 d5 4. cxd5 Nxd5 5. g3 Bg7 6. Bg2 Nxc3 7. bxc3 O-O 8. Nf3 c5 9. O-O Nc6 10. d5 Ne5 11. Nxe5 Bxe5 12. Bh6 Re8 13. Qd2 Qa5 14. Rac1 Bd7 15. f4 Bf6 16. e4 c4 17. e5 Qc5+ 18.
Qd4 Qxd4+ 19. cxd4 Bg7 20. Bxg7 Kxg7 21. Be4 Bh3 22. Rf2 b5 23. d6 Rad8 24. dxe7 Rxd4 25.
Bc6 Rxe7 26. Bxb5 Rb7 27. a4 Rc7 28. Rfc2 Be6 29. Kf2 Bd5 30. Rc3 f6 31. exf6+ Kxf6 32. Ke3 Re4+ 33. Kf2 Kf5 34. Rd1 Ke6 35. Re1 Rxe1 36.
Kxe1 Kd6 37. Kd2 Kc5 38. Re3 Kb4 39. Re5 c3+ 40. Kc1 Bb3 41. Re4+ Ka3 42. Re3 Bxa4 43. Bxa4 Kxa4 44. Kc2 Kb4 45. Re4+ Kb5 46. Re3 a5 47. Rxc3 Rxc3+ 48. Kxc3 Kc5 49. g4 Kd5 50. f5 gxf5 51. gxf5 Ke5 52. Kb3 Kxf5 53. Ka4 Kg4 54. Kxa5 Kh3 55. Kb4 Kxh2 56. Kc3 h5 57. Kd2 h4 58. Ke1 Kg2 0-1

[Event "*** Titled Tuesday Blitz"]
[Site "Chess.com"]
[Date "2020.05.12"]
[Round "9"]
[White "Kislov_Oleg"]
[Black "chessplayer9919"]
[Result "0-1"]
[WhiteElo "2331"]
[BlackElo "2481"]
[TimeControl "180+1"]
[EndTime "11:42:14 PDT"]
[Termination "chessplayer9919 won by resignation"]

1. d4 Nf6 2. Nc3 d5 3. Bg5 c6 4. Bxf6 exf6 5. e4 dxe4 6. Nxe4 Be7 7. Nf3 O-O 8. Bd3 Nd7 9. O-O Re8 10. Re1 Nf8 11.
c3 Ng6 12. g3 Bg4 13. Bf1 f5 14. Ned2 f4 15. Bg2 fxg3 16. hxg3 Qc7 17. Qc2 Rad8 18. Re3 h5 19. Rae1 Rf8 20. Ne5 Nxe5 21. Rxe5 Bf6 22. R5e3 h4 23. Ne4 Be7 24. Bf3 Be6 25. Kg2 g5 26. Nc5 Bxc5 27. dxc5 g4 28. Be2 Kg7 29. Qe4 Bd5 0-1

[Event "*** Titled Tuesday Blitz"]
[Site "Chess.com"]
[Date "2020.05.12"]
[Round "9"]
[White "Shushik"]
[Black "AsselLesbekova"]
[Result "0-1"]
[WhiteElo "2089"]
[BlackElo "2262"]
[TimeControl "180+1"]
[EndTime "11:42:14 PDT"]
[Termination "AsselLesbekova won by resignation"]

1. e4 c5 2. Nf3 Nc6 3. d4 cxd4 4. Nxd4 e5 5. Nb5 d6 6. c4 Be7 7. N1c3 a6 8. Na3 Be6 9. Be3 Bg5 10. Nc2 Bxe3 11. Nxe3 Nge7 12. Bd3 O-O 13. O-O Nd4 14. f4 f5 15. Kh1 exf4 16. Rxf4 Ng6 17. Rf1 f4 18.
Ned5 Qg5 19. Be2 Nxe2 20. Qxe2 Bg4 21. Qd2 Rf7 22. b4 Raf8 23. c5 dxc5 24. bxc5 Qe5 25. Rab1 f3 26. Ne3 fxg2+ 27. Kxg2 Nh4+ 28. Kh1 Bf3+ 29. Rxf3 Nxf3 30. Qg2 Qxc3 31. Nd5 Qd2 32. Qg3 Nxh2 33.
Qxh2 Rf1+ 0-1

[Event "*** Titled Tuesday Blitz"]
[Site "Chess.com"]
[Date "2020.05.12"]
[Round "9"]
[White "IMAghasiyevKamal"]
[Black "Gabrielian_Artur"]
[Result "0-1"]
[WhiteElo "2542"]
[BlackElo "2710"]
[TimeControl "180+1"]
[EndTime "11:42:15 PDT"]
[Termination "Gabrielian_Artur won by resignation"]

1. d4 Nf6 2. c4 c5 3. d5 e6 4. Nc3 exd5 5. cxd5 d6 6. e4 g6 7. h3 Bg7 8. Nf3 O-O 9. Bd3 Nbd7 10. O-O Re8 11. Bf4 c4 12. Bc2 Nc5 13. Re1 b5 14. e5 dxe5 15. Nxe5 Bb7 16. Nc6 Qb6 17. a4 Bxc6 18.
dxc6 Rxe1+ 19. Qxe1 b4 20. Nb5 b3 21. Bd1 Re8 22.
Qb4 Nd3 23. Qd2 Ne4 24. Qe3 Nxf4 25. Qxf4 Nxf2 26. Qc7 Re1+ 27. Kh2 Be5+ 0-1

[Event "*** Titled Tuesday Blitz"]
[Site "Chess.com"]
[Date "2020.05.12"]
[Round "9"]
[White "zivicd"]
[Black "larisakalinina"]
[Result "1-0"]
[WhiteElo "2240"]
[BlackElo "1999"]
[TimeControl "180+1"]
[EndTime "11:42:15 PDT"]
[Termination "zivicd won by resignation"]

1. e4 c5 2. Nc3 a6 3. a4 g6 4. g3 Bg7 5. Bg2 Nc6 6. d3 e6 7. f4 Nge7 8. Be3 Nd4 9. Nf3 Nec6 10. O-O O-O 11. e5 d5 12. exd6 Qxd6 13. Ne4 Qe7 14. c3 Nxf3+ 15. Qxf3 b6 16. Nxc5 bxc5 17. Qxc6 Bd7 18. Qxc5 Qxc5 19. Bxc5 Rfc8 20. Bxa8 Rxc5 21. d4 Rc8 22. Bb7 Rb8 23. Bxa6 Rxb2 24. Rfb1 Rc2 25. Rb8+ Bf8 26. Bb5 Bxb5 27. axb5 Kg7 28. Rc8 Bb4 29.
b6 Bxc3 30. Kh1 1-0

[Event "*** Titled Tuesday Blitz"]
[Site "Chess.com"]
[Date "2020.05.12"]
[Round "9"]
[White "ameetghasi100"]
[Black "ChristopherYoo"]
[Result "0-1"]
[WhiteElo "2726"]
[BlackElo "2900"]
[TimeControl "180+1"]
[EndTime "11:42:16 PDT"]
[Termination "ChristopherYoo won by resignation"]

1. Nf3 Nf6 2. g3 g6 3. Bg2 Bg7 4. O-O O-O 5. d4 b6 6. c4 Bb7 7. b3 e6 8. Bb2 d5 9. Nbd2 Nbd7 10. Rc1 c5 11. Qc2 Rc8 12. Qb1 Ne4 13. dxc5 Nxd2 14. Nxd2 Bxb2 15. Qxb2 Nxc5 16. Rfd1 Qe7 17. cxd5 exd5 18. Nf3 Ne4 19. Nd4 a6 20. e3 b5 21. a3 b4 22. axb4 Qxb4 23. Rxc8 Rxc8 24. Rc1 Rxc1+ 25. Qxc1 Nc3 26. Bf3 a5 27. Qd2 Kg7 28.
h4 h5 29. Kg2 Ba8 30. Qb2 a4 31. Ne2 d4 32. Bxa8 a3 33. Qd2 a2 34. Qb2 Qa5 35.
Qa1 Qxa8+ 0-1

[Event "*** Titled Tuesday Blitz"]
[Site "Chess.com"]
[Date "2020.05.12"]
[Round "9"]
[White "Lunow"]
[Black "PetrolulSah"]
[Result "0-1"]
[WhiteElo "2075"]
[BlackElo "2267"]
[TimeControl "180+1"]
[EndTime "11:42:20 PDT"]
[Termination "PetrolulSah won on time"]

1. c4 Nf6 2. g3 g6 3. Bg2 d5 4.
cxd5 Nxd5 5. Nc3 c6 6. h4 h5 7. d3 Bg7 8. Bd2 O-O 9. Rc1 Na6 10. Nf3 Nac7 11. e4 Nxc3 12. Bxc3 Ne6 13. Bxg7 Kxg7 14.
O-O c5 15. Qd2 b6 16. b4 Ba6 17. Rfd1 cxb4 18. Qxb4 Nc5 19. Ne5 f6 20. d4 Ne6 21.
Nc6 Qd6 22. Qb2 Bb7 23. e5 Qd7 24. d5 Nc5 25. d6 Bxc6 26. dxe7 Qxe7 27. Bxc6 Rac8 28.
exf6+ Qxf6 29. Qxf6+ Rxf6 30. Bd5 Rcf8 31. Rc2 Rd6 32.
Bf3 Rxd1+ 33. Bxd1 Rd8 34. Be2 Rd4 0-1

[Event "*** Titled Tuesday Blitz"]
[Site "Chess.com"]
[Date "2020.05.12"]
[Round "9"]
[White "vinniethepooh"]
[Black "2346PL"]
[Result "0-1"]
[WhiteElo "2601"]
[BlackElo "2476"]
[TimeControl "180+1"]
[EndTime "11:42:21 PDT"]
[Termination "2346PL won on time"]

1. d4 f5 2. g3 Nf6 3. Bg2 g6 4. Nf3 Bg7 5. O-O O-O 6. b3 d6 7. Bb2 Qe8 8. c4 e5 9. dxe5 Ng4 10. Nc3 Nxe5 11. Qd2 Nbc6 12. Nd5 Qd8 13. Rad1 Nxf3+ 14. Bxf3 Ne5 15. Bg2 Bd7 16. Nf4 Qc8 17. h4 Re8 18. h5 g5 19. Nd5 h6 20. f4 c6 21. fxe5 cxd5 22. Bxd5+ Kh8 23. exd6 Qc5+ 24. Kh2 Qxd6 25. Bxg7+ Kxg7 26. Bxb7 Qxd2 27. Rxd2 Rad8 28. Rfd1 Re7 29.
c5 Kf6 30. c6 Bxc6 31. Bxc6 Rxe2+ 32. Rxe2 Rxd1 33. Kg2 g4 34. Be8 Kg5 0-1

[Event "*** Titled Tuesday Blitz"]
[Site "Chess.com"]
[Date "2020.05.12"]
[Round "9"]
[White "BabyBoss31"]
[Black "IwkooO"]
[Result "0-1"]
[WhiteElo "2335"]
[BlackElo "2536"]
[TimeControl "180+1"]
[EndTime "11:42:22 PDT"]
[Termination "IwkooO won by resignation"]

1. d4 Nf6 2. c4 g6 3. Nf3 Bg7 4. Nc3 O-O 5. e4 d6 6. h3 Na6 7. Bg5 e5 8. d5 h6 9. Be3 Nc5 10.
Nd2 a5 11. Be2 c6 12. a3 cxd5 13. cxd5 Bd7 14. b4 axb4 15. axb4 Na6 16. Qb1 Qc7 17.
Nd1 Nxb4 18. Rxa8 Nc2+ 19. Qxc2 Qxc2 20. Ra7 Nxe4 21. Rxb7 Nxd2 22. Bxd2 Bf5 23. Ne3 Qc5 24. O-O Be4 25. Rc1 Qa3 26. f3 Qa2 27. Rd1 Bxd5 28. Nxd5 Qxd5 29. Rb6 Qd4+ 0-1

[Event "*** Titled Tuesday Blitz"]
[Site "Chess.com"]
[Date "2020.05.12"]
[Round "9"]
[White "talaicito"]
[Black "zmeeed67"]
[Result "0-1"]
[WhiteElo "2237"]
[BlackElo "2410"]
[TimeControl "180+1"]
[EndTime "11:42:22 PDT"]
[Termination "zmeeed67 won on time"]

1. d4 d5 2. Bf4 c5 3. e3 Nc6 4. Nc3 a6 5. Nf3 Nf6 6. a3 cxd4 7. exd4 Bf5 8. Bd3 Bxd3 9. Qxd3 e6 10. O-O Bd6 11.
Ne5 O-O 12. Rfe1 Rc8 13. g4 Bxe5 14. dxe5 Nd7 15. Rad1 Na5 16. Ne2 Nc4 17. Qg3 Nxb2 18. Rb1 Nc4 19. Rxb7 Nc5 20. Rb4 a5 21. Rb5 Ne4 22.
Qd3 Qh4 23. Ng3 Qxg4 24. Rxe4 dxe4 25. Qxe4 h5 26. Kf1 h4 27. h3 Qxh3+ 28. Qg2 Qxg2+ 29.
Kxg2 hxg3 30. Bxg3 Nxa3 31. Rxa5 Nxc2 0-1

[Event "*** Titled Tuesday Blitz"]
[Site "Chess.com"]
[Date "2020.05.12"]
[Round "9"]
[White "AndrewMaco"]
[Black "Spartakus1975"]
[Result "0-1"]
[WhiteElo "2555"]
[BlackElo "2717"]
[TimeControl "180+1"]
[EndTime "11:42:23 PDT"]
[Termination "Spartakus1975 won on time"]

1. e4 e6 2. d4 d5 3. Nc3 Nf6 4.
e5 Nfd7 5. f4 c5 6. Nf3 Nc6 7.
Be3 Be7 8. Qd2 O-O 9. dxc5 Nxc5 10. O-O-O a6 11. Nd4 Bd7 12. h4 b5 13. Nxc6 Bxc6 14.
Ne2 Ne4 15. Qe1 b4 16. Nd4 Bb5 17. Bd3 Qa5 18. Kb1 Bc4 19. Nb3 Qc7 20. Bd4 a5 21. Nd2 Nxd2+ 22. Qxd2 a4 23. b3 Bxd3 24. Qxd3 Rfc8 25.
h5 Bc5 26. Bb2 axb3 27. axb3 Qa7 28. h6 Be3 29. c4 dxc4 0-1

[Event "*** Titled Tuesday Blitz"]
[Site "Chess.com"]
[Date "2020.05.12"]
[Round "9"]
[White "cukin84"]
[Black "MacDaddyMac"]
[Result "1-0"]
[WhiteElo "2135"]
[BlackElo "2255"]
[TimeControl "180+1"]
[EndTime "11:42:24 PDT"]
[Termination "cukin84 won by checkmate"]

1. e4 e6 2. d4 d5 3. Nc3 Nf6 4. e5 Nfd7 5. f4 c5 6. Nf3 Nc6 7.
Be3 cxd4 8. Nxd4 Bc5 9. Nce2 Qb6 10. c3 Qxb2 11. Rb1 Qxa2 12. g3 Bxd4 13. Nxd4 Qa5 14. Nb5 O-O 15. Ra1 Qd8 16. Nd6 b6 17. Bb5 Qc7 18. Qa4 Ndb8 19. O-O Bd7 20. Qc2 Na5 21.
Bd3 g6 22. f5 exf5 23. Bxf5 Bxf5 24. Nxf5 Qxe5 25. Nh6+ Kg7 26. Bd4 Qxd4+ 27. cxd4 Kxh6 28. Qc7 Nbc6 29. Rxf7 Rxf7 30. Qxf7 Rd8 31. Rf1 b5 32. h4 b4 33. h5 Kxh5 34. Qxh7+ Kg5 35. Qh4# 1-0

[Event "*** Titled Tuesday Blitz"]
[Site "Chess.com"]
[Date "2020.05.12"]
[Round "9"]
[White "allvim"]
[Black "tamarozi99"]
[Result "1-0"]
[WhiteElo "2275"]
[BlackElo "1987"]
[TimeControl "180+1"]
[EndTime "11:42:25 PDT"]
[Termination "allvim won by resignation"]

1. e4 c5 2. Nf3 Nc6 3. d4 cxd4 4. Nxd4 g6 5. Nc3 Bg7 6. Be3 Nf6 7. f3 O-O 8. Bc4 Qb6 9. Ncb5 a6 10. Nf5 Qa5+ 11.
Bd2 Qd8 12. Nxg7 axb5 13. Bh6 bxc4 14. O-O Kh8 15. f4 Rg8 16. e5 Ne4 17. Qe2 Qb6+ 18. Kh1 Nc5 19. f5 Rxg7 20. Bxg7+ Kxg7 21. f6+ Kg8 22.
Qe3 Ne6 23. Qxb6 Nxe5 24. fxe7 1-0

[Event "*** Titled Tuesday Blitz"]
[Site "Chess.com"]
[Date "2020.05.12"]
[Round "9"]
[White "C_K_G"]
[Black "Ranindu2003"]
[Result "0-1"]
[WhiteElo "2047"]
[BlackElo "2433"]
[TimeControl "180+1"]
[EndTime "11:42:26 PDT"]
[Termination "Ranindu2003 won on time"]

1. e4 g6 2. Nf3 Bg7 3. d4 d6 4. h3 Nf6 5. Nc3 O-O 6. Be2 c6 7. Be3 Qc7 8. Qd2 Nbd7 9. g4 b5 10. g5 b4 11. gxf6 bxc3 12. bxc3 Nxf6 13. Bd3 c5 14.
Bh6 c4 15. Bxg7 Kxg7 16. e5 dxe5 17. dxe5 cxd3 18. exf6+ exf6 19. cxd3 Bb7 20. Nd4 Bxh1 21. O-O-O Qh2 22. Re1 Rae8 23. Rd1 Bd5 24. c4 Be6 25.
Re1 Qd6 26. Qc3 Rd8 27. Re4 Rfe8 28. Rh4 h5 0-1

[Event "*** Titled Tuesday Blitz"]
[Site "Chess.com"]
[Date "2020.05.12"]
[Round "9"]
[White "AquivaRubinstein"]
[Black "aquiles88"]
[Result "1-0"]
[WhiteElo "2406"]
[BlackElo "2233"]
[TimeControl "180+1"]
[EndTime "11:42:26 PDT"]
[Termination "AquivaRubinstein won on time"]

1. d4 d6 2. c4 e5 3. Nf3 Nd7 4. Nc3 Ngf6 5. e4 g6 6. Be2 Bg7 7. O-O O-O 8. Re1 Re8 9. Bf1 exd4 10.
Nxd4 Nc5 11. f3 a5 12. Be3 a4 13. Rb1 c6 14. b4 axb3 15. axb3 Nfd7 16. b4 Ne6 17.
Nxe6 Rxe6 18. Qd2 Qf6 19. Ne2 Ne5 20. Bg5 Nxc4 21. Qc1 Qe5 22. Bf4 Qb5 23. Kh1 Na3 24.
Nd4 Qb6 25. Nxe6 Bxe6 26. Rb2 Bxb2 27. Qxb2 Nc4 28. Bxc4 Bxc4 29. Bh6 1-0

[Event "*** Titled Tuesday Blitz"]
[Site "Chess.com"]
[Date "2020.05.12"]
[Round "9"]
[White "annamaja"]
[Black "robertofabregas"]
[Result "1-0"]
[WhiteElo "2286"]
[BlackElo "2097"]
[TimeControl "180+1"]
[EndTime "11:42:27 PDT"]
[Termination "annamaja won by resignation"]

1. e4 c5 2. Nf3 d6 3. d4 cxd4 4. Nxd4 Nf6 5. Nc3 e6 6. Be2 Nbd7 7. O-O Be7 8. Be3 O-O 9. f4 a6 10. Bf3 Rb8 11. a4 Qc7 12. g4 Nc5 13. g5 Nfd7 14.
Qe2 b6 15. h4 Bb7 16. Qg2 e5 17. Nf5 Rfe8 18. Nh6+ Kf8 19. Nxf7 Kxf7 20. Bh5+ Kg8 21. Bxe8 Rxe8 22. f5 Kh8 23. h5 Rf8 24. h6 gxh6 25. g6 hxg6 26. Bxh6 Rf6 27. fxg6 Bf8 28. g7+ 1-0